Unix NetHack Version 3.7.0-66 Work-in-progress - last build Dec 26 2022 05:50:31 (55254d10815e23f0e7c0ebc937178fe17f3ffff8,branch:master).

Game began 2022-12-27 14:46:16, ended 2022-12-27 14:54:27.

stenno, lawful female human Valkyrie

  
unexplored area
unexplored area
unexplored area
unexplored area
unexplored area
unexplored area
unexplored area
unexplored area
unexplored area
unexplored area
unexplored area
unexplored area
unexplored area
unexplored area
unexplored area
unexplored area
unexplored area
unexplored area
unexplored area
unexplored area
unexplored area
unexplored area
unexplored area
unexplored area
unexplored area
unexplored area
unexplored area
unexplored area
unexplored area
unexplored area
unexplored area
unexplored area
unexplored area
unexplored area
unexplored area
unexplored area
unexplored area
unexplored area
unexplored area
unexplored area
unexplored area
unexplored area
unexplored area
unexplored area
unexplored area
unexplored area
unexplored area
unexplored area
unexplored area
unexplored area
unexplored area
unexplored area
unexplored area
unexplored area
unexplored area
unexplored area
unexplored area
unexplored area
unexplored area
unexplored area
unexplored area
wall
wall
wall
unexplored area
unexplored area
unexplored area
unexplored area
unexplored area
unexplored area
unexplored area
unexplored area
unexplored area
unexplored area
unexplored area
unexplored area
unexplored area
unexplored area
unexplored area
unexplored area
unexplored area
unexplored area
unexplored area
unexplored area
unexplored area
unexplored area
unexplored area
unexplored area
unexplored area
unexplored area
unexplored area
unexplored area
unexplored area
unexplored area
unexplored area
unexplored area
unexplored area
unexplored area
unexplored area
unexplored area
unexplored area
unexplored area
unexplored area
unexplored area
unexplored area
unexplored area
unexplored area
unexplored area
unexplored area
unexplored area
unexplored area
unexplored area
unexplored area
unexplored area
unexplored area
unexplored area
unexplored area
unexplored area
wall
wall
wall
unexplored area
unexplored area
unexplored area
unexplored area
unexplored area
unexplored area
unexplored area
unexplored area
unexplored area
unexplored area
wall
.dark part of a room
wall
wall
wall
wall
wall
wall
wall
wall
.dark part of a room
wall
wall
wall
unexplored area
unexplored area
unexplored area
unexplored area
unexplored area
unexplored area
unexplored area
unexplored area
unexplored area
unexplored area
unexplored area
unexplored area
unexplored area
unexplored area
unexplored area
unexplored area
unexplored area
unexplored area
unexplored area
unexplored area
unexplored area
unexplored area
unexplored area
unexplored area
unexplored area
unexplored area
unexplored area
unexplored area
unexplored area
unexplored area
unexplored area
unexplored area
unexplored area
unexplored area
unexplored area
unexplored area
unexplored area
unexplored area
unexplored area
unexplored area
unexplored area
unexplored area
unexplored area
unexplored area
wall
wall
wall
unexplored area
unexplored area
unexplored area
unexplored area
unexplored area
wall
.dark part of a room
.dark part of a room
wall
unexplored area
unexplored area
unexplored area
unexplored area
unexplored area
unexplored area
unexplored area
unexplored area
wall
.dark part of a room
.dark part of a room
.dark part of a room
.dark part of a room
.dark part of a room
.dark part of a room
%a gnome corpse
.dark part of a room
.dark part of a room
.dark part of a room
.dark part of a room
.dark part of a room
.dark part of a room
.dark part of a room
wall
unexplored area
unexplored area
unexplored area
unexplored area
unexplored area
unexplored area
unexplored area
unexplored area
unexplored area
unexplored area
unexplored area
unexplored area
unexplored area
unexplored area
unexplored area
unexplored area
unexplored area
unexplored area
unexplored area
unexplored area
unexplored area
unexplored area
unexplored area
unexplored area
unexplored area
unexplored area
unexplored area
unexplored area
unexplored area
unexplored area
unexplored area
unexplored area
unexplored area
unexplored area
unexplored area
unexplored area
unexplored area
unexplored area
unexplored area
unexplored area
unexplored area
unexplored area
wall
wall
.dark part of a room
wall
wall
unexplored area
unexplored area
unexplored area
wall
wall
.dark part of a room
.dark part of a room
.dark part of a room
unexplored area
unexplored area
unexplored area
unexplored area
unexplored area
unexplored area
unexplored area
unexplored area
wall
.dark part of a room
.dark part of a room
wall
wall
wall
wall
wall
wall
wall
.dark part of a room
.dark part of a room
wall
wall
.dark part of a room
wall
unexplored area
unexplored area
unexplored area
unexplored area
unexplored area
unexplored area
unexplored area
unexplored area
unexplored area
unexplored area
unexplored area
unexplored area
unexplored area
unexplored area
unexplored area
unexplored area
unexplored area
unexplored area
unexplored area
unexplored area
unexplored area
unexplored area
unexplored area
unexplored area
unexplored area
unexplored area
unexplored area
unexplored area
unexplored area
unexplored area
unexplored area
unexplored area
unexplored area
unexplored area
unexplored area
unexplored area
unexplored area
unexplored area
unexplored area
unexplored area
unexplored area
wall
wall
.dark part of a room
.dark part of a room
.dark part of a room
wall
wall
wall
wall
.dark part of a room
.dark part of a room
.dark part of a room
.dark part of a room
.dark part of a room
wall
unexplored area
unexplored area
unexplored area
unexplored area
unexplored area
unexplored area
unexplored area
wall
.dark part of a room
wall
unexplored area
unexplored area
unexplored area
unexplored area
unexplored area
unexplored area
wall
wall
wall
wall
wall
.dark part of a room
wall
unexplored area
unexplored area
unexplored area
unexplored area
unexplored area
unexplored area
unexplored area
wall
wall
wall
unexplored area
unexplored area
unexplored area
unexplored area
unexplored area
unexplored area
unexplored area
unexplored area
.floor of a room
.floor of a room
rsewer rat
.dark part of a room
.dark part of a room
wall
wall
wall
wall
wall
wall
wall
unexplored area
unexplored area
unexplored area
unexplored area
unexplored area
unexplored area
unexplored area
unexplored area
unexplored area
unexplored area
unexplored area
wall
.dark part of a room
.dark part of a room
.dark part of a room
wall
wall
.dark part of a room
.dark part of a room
.dark part of a room
.dark part of a room
.dark part of a room
.dark part of a room
.dark part of a room
.dark part of a room
wall
wall
unexplored area
unexplored area
unexplored area
unexplored area
unexplored area
unexplored area
wall
.dark part of a room
wall
unexplored area
unexplored area
unexplored area
unexplored area
unexplored area
unexplored area
unexplored area
unexplored area
unexplored area
unexplored area
wall
.dark part of a room
wall
wall
unexplored area
unexplored area
wall
wall
wall
wall
wall
.dark part of a room
.dark part of a room
.dark part of a room
wall
unexplored area
unexplored area
unexplored area
unexplored area
unexplored area
unexplored area
.floor of a room
@human valkyrie called stenno
.floor of a room
.dark part of a room
.dark part of a room
.dark part of a room
.dark part of a room
.dark part of a room
.dark part of a room
.dark part of a room
.dark part of a room
.dark part of a room
wall
wall
wall
wall
wall
wall
.dark part of a room
unexplored area
wall
wall
.dark part of a room
wall
.dark part of a room
.dark part of a room
.dark part of a room
wall
wall
.dark part of a room
.dark part of a room
.dark part of a room
.dark part of a room
.dark part of a room
.dark part of a room
.dark part of a room
.dark part of a room
.dark part of a room
.dark part of a room
.dark part of a room
unexplored area
unexplored area
unexplored area
unexplored area
wall
.dark part of a room
.dark part of a room
wall
unexplored area
unexplored area
unexplored area
unexplored area
unexplored area
unexplored area
unexplored area
unexplored area
unexplored area
unexplored area
wall
.dark part of a room
.dark part of a room
wall
wall
wall
wall
^rust trap
.dark part of a room
.dark part of a room
.dark part of a room
.dark part of a room
.dark part of a room
%a little dog corpse
wall
unexplored area
unexplored area
unexplored area
unexplored area
unexplored area
unexplored area
.floor of a room
%a sewer rat corpse
%a wererat corpse
wall
wall
wall
wall
wall
wall
wall
wall
.dark part of a room
.dark part of a room
.dark part of a room
.dark part of a room
.dark part of a room
.dark part of a room
.dark part of a room
.dark part of a room
.dark part of a room
.dark part of a room
.dark part of a room
.dark part of a room
.dark part of a room
%a bugbear corpse
.dark part of a room
wall
wall
wall
wall
wall
wall
.dark part of a room
.dark part of a room
.dark part of a room
.dark part of a room
.dark part of a room
.dark part of a room
.dark part of a room
.dark part of a room
wall
unexplored area
wall
wall
.dark part of a room
.dark part of a room
wall
wall
unexplored area
unexplored area
unexplored area
unexplored area
unexplored area
unexplored area
unexplored area
unexplored area
unexplored area
unexplored area
wall
wall
.dark part of a room
.dark part of a room
.dark part of a room
.dark part of a room
.dark part of a room
.dark part of a room
.dark part of a room
.dark part of a room
.dark part of a room
<branch staircase up
wall
wall
wall
unexplored area
unexplored area
unexplored area
unexplored area
unexplored area
unexplored area
unexplored area
unexplored area
unexplored area
unexplored area
unexplored area
unexplored area
unexplored area
unexplored area
unexplored area
unexplored area
.dark part of a room
wall
wall
.dark part of a room
wall
wall
wall
.dark part of a room
.dark part of a room
.dark part of a room
.dark part of a room
.dark part of a room
.dark part of a room
.dark part of a room
>staircase down
.dark part of a room
.dark part of a room
wall
wall
unexplored area
unexplored area
wall
wall
.dark part of a room
.dark part of a room
.dark part of a room
.dark part of a room
.dark part of a room
.dark part of a room
.dark part of a room
wall
unexplored area
wall
.dark part of a room
.dark part of a room
wall
wall
wall
wall
.dark part of a room
wall
wall
wall
.dark part of a room
.dark part of a room
.dark part of a room
wall
unexplored area
unexplored area
wall
wall
wall
wall
wall
.dark part of a room
.dark part of a room
.dark part of a room
.dark part of a room
.dark part of a room
wall
wall
unexplored area
unexplored area
unexplored area
unexplored area
unexplored area
unexplored area
unexplored area
unexplored area
unexplored area
unexplored area
unexplored area
unexplored area
unexplored area
unexplored area
unexplored area
unexplored area
wall
.dark part of a room
.dark part of a room
unexplored area
unexplored area
unexplored area
.dark part of a room
wall
.dark part of a room
.dark part of a room
.dark part of a room
.dark part of a room
.dark part of a room
.dark part of a room
.dark part of a room
.dark part of a room
)a dart
.dark part of a room
.dark part of a room
.dark part of a room
wall
unexplored area
unexplored area
unexplored area
wall
.dark part of a room
.dark part of a room
.dark part of a room
wall
wall
wall
.dark part of a room
wall
wall
wall
.dark part of a room
wall
wall
wall
.dark part of a room
.dark part of a room
.dark part of a room
.dark part of a room
.dark part of a room
.dark part of a room
.dark part of a room
.dark part of a room
.dark part of a room
wall
unexplored area
unexplored area
unexplored area
unexplored area
unexplored area
wall
.dark part of a room
.dark part of a room
.dark part of a room
.dark part of a room
.dark part of a room
wall
wall
unexplored area
unexplored area
unexplored area
unexplored area
unexplored area
unexplored area
unexplored area
unexplored area
unexplored area
unexplored area
unexplored area
unexplored area
unexplored area
unexplored area
unexplored area
unexplored area
unexplored area
wall
^teleportation trap
.dark part of a room
.dark part of a room
unexplored area
.dark part of a room
.dark part of a room
.dark part of a room
.dark part of a room
.dark part of a room
.dark part of a room
.dark part of a room
.dark part of a room
.dark part of a room
.dark part of a room
.dark part of a room
.dark part of a room
.dark part of a room
.dark part of a room
wall
wall
unexplored area
wall
wall
wall
wall
wall
.dark part of a room
.dark part of a room
.dark part of a room
.dark part of a room
.dark part of a room
wall
wall
.dark part of a room
.dark part of a room
wall
unexplored area
wall
.dark part of a room
.dark part of a room
.dark part of a room
.dark part of a room
.dark part of a room
.dark part of a room
.dark part of a room
wall
wall
wall
unexplored area
unexplored area
unexplored area
unexplored area
unexplored area
wall
.dark part of a room
.dark part of a room
.dark part of a room
.dark part of a room
.dark part of a room
wall
unexplored area
unexplored area
unexplored area
unexplored area
unexplored area
unexplored area
unexplored area
unexplored area
unexplored area
unexplored area
unexplored area
unexplored area
unexplored area
unexplored area
unexplored area
unexplored area
unexplored area
unexplored area
wall
.dark part of a room
.dark part of a room
.dark part of a room
.dark part of a room
.dark part of a room
.dark part of a room
.dark part of a room
wall
wall
.dark part of a room
.dark part of a room
.dark part of a room
.dark part of a room
.dark part of a room
.dark part of a room
.dark part of a room
.dark part of a room
.dark part of a room
.dark part of a room
wall
wall
wall
.dark part of a room
.dark part of a room
.dark part of a room
.dark part of a room
.dark part of a room
wall
wall
unexplored area
wall
.dark part of a room
.dark part of a room
.dark part of a room
.dark part of a room
wall
unexplored area
unexplored area
wall
wall
.dark part of a room
.dark part of a room
.dark part of a room
.dark part of a room
.dark part of a room
wall
wall
wall
unexplored area
unexplored area
unexplored area
unexplored area
unexplored area
wall
.dark part of a room
.dark part of a room
wall
wall
wall
unexplored area
unexplored area
unexplored area
unexplored area
unexplored area
unexplored area
unexplored area
unexplored area
unexplored area
unexplored area
unexplored area
unexplored area
unexplored area
unexplored area
unexplored area
unexplored area
unexplored area
unexplored area
unexplored area
unexplored area
wall
wall
.dark part of a room
.dark part of a room
.dark part of a room
wall
wall
unexplored area
wall
wall
.dark part of a room
.dark part of a room
.dark part of a room
.dark part of a room
unexplored area
.dark part of a room
.dark part of a room
.dark part of a room
.dark part of a room
.dark part of a room
.dark part of a room
.dark part of a room
.dark part of a room
wall
wall
wall
wall
wall
unexplored area
unexplored area
wall
%a gnome lord corpse
wall
wall
.dark part of a room
wall
unexplored area
unexplored area
unexplored area
wall
.dark part of a room
.dark part of a room
.dark part of a room
.dark part of a room
.dark part of a room
.dark part of a room
.dark part of a room
wall
wall
unexplored area
unexplored area
unexplored area
unexplored area
wall
.dark part of a room
.dark part of a room
wall
unexplored area
unexplored area
unexplored area
unexplored area
unexplored area
unexplored area
unexplored area
unexplored area
unexplored area
unexplored area
unexplored area
unexplored area
unexplored area
unexplored area
unexplored area
unexplored area
unexplored area
unexplored area
unexplored area
unexplored area
unexplored area
unexplored area
unexplored area
wall
wall
.dark part of a room
wall
wall
unexplored area
unexplored area
unexplored area
wall
.dark part of a room
.dark part of a room
.dark part of a room
unexplored area
unexplored area
unexplored area
.dark part of a room
.dark part of a room
.dark part of a room
.dark part of a room
.dark part of a room
wall
wall
wall
wall
unexplored area
unexplored area
unexplored area
unexplored area
unexplored area
wall
.dark part of a room
wall
wall
.dark part of a room
wall
unexplored area
unexplored area
unexplored area
wall
.dark part of a room
.dark part of a room
.dark part of a room
.dark part of a room
.dark part of a room
.dark part of a room
.dark part of a room
.dark part of a room
wall
unexplored area
unexplored area
unexplored area
unexplored area
wall
wall
wall
unexplored area
unexplored area
unexplored area
unexplored area
unexplored area
unexplored area
unexplored area
unexplored area
unexplored area
unexplored area
unexplored area
unexplored area
unexplored area
unexplored area
unexplored area
unexplored area
unexplored area
unexplored area
unexplored area
unexplored area
unexplored area
unexplored area
unexplored area
unexplored area
unexplored area
wall
wall
wall
unexplored area
unexplored area
unexplored area
unexplored area
wall
.dark part of a room
.dark part of a room
.dark part of a room
.dark part of a room
unexplored area
unexplored area
unexplored area
wall
.dark part of a room
.dark part of a room
.dark part of a room
.dark part of a room
.dark part of a room
.dark part of a room
wall
unexplored area
unexplored area
unexplored area
unexplored area
wall
wall
.dark part of a room
wall
wall
.dark part of a room
wall
unexplored area
unexplored area
unexplored area
wall
wall
.dark part of a room
.dark part of a room
.dark part of a room
.dark part of a room
.dark part of a room
.dark part of a room
wall
wall
unexplored area
unexplored area
unexplored area
unexplored area
unexplored area
unexplored area
unexplored area
unexplored area
unexplored area
unexplored area
unexplored area
unexplored area
unexplored area
unexplored area
unexplored area
unexplored area
unexplored area
unexplored area
unexplored area
unexplored area
unexplored area
unexplored area
unexplored area
unexplored area
unexplored area
unexplored area
unexplored area
unexplored area
unexplored area
unexplored area
unexplored area
unexplored area
unexplored area
unexplored area
unexplored area
unexplored area
unexplored area
unexplored area
unexplored area
wall
.dark part of a room
.dark part of a room
.dark part of a room
wall
unexplored area
unexplored area
wall
wall
.dark part of a room
.dark part of a room
.dark part of a room
.dark part of a room
wall
.dark part of a room
wall
unexplored area
wall
wall
wall
wall
.dark part of a room
.dark part of a room
wall
wall
.dark part of a room
wall
unexplored area
wall
wall
.dark part of a room
.dark part of a room
.dark part of a room
.dark part of a room
.dark part of a room
.dark part of a room
.dark part of a room
.dark part of a room
wall
wall
unexplored area
unexplored area
unexplored area
unexplored area
unexplored area
unexplored area
unexplored area
unexplored area
unexplored area
unexplored area
unexplored area
unexplored area
unexplored area
unexplored area
unexplored area
unexplored area
unexplored area
unexplored area
unexplored area
unexplored area
unexplored area
unexplored area
unexplored area
unexplored area
unexplored area
unexplored area
unexplored area
unexplored area
unexplored area
unexplored area
unexplored area
unexplored area
unexplored area
unexplored area
unexplored area
unexplored area
unexplored area
unexplored area
wall
wall
.dark part of a room
^hole
wall
wall
unexplored area
unexplored area
wall
.dark part of a room
.dark part of a room
.dark part of a room
.dark part of a room
.dark part of a room
wall
.dark part of a room
wall
wall
wall
.dark part of a room
.dark part of a room
.dark part of a room
.dark part of a room
wall
wall
.dark part of a room
.dark part of a room
wall
wall
wall
.dark part of a room
.dark part of a room
.dark part of a room
.dark part of a room
.dark part of a room
.dark part of a room
.dark part of a room
.dark part of a room
.dark part of a room
.dark part of a room
wall
wall
unexplored area
unexplored area
unexplored area
unexplored area
unexplored area
unexplored area
unexplored area
unexplored area
unexplored area
unexplored area
unexplored area
unexplored area
unexplored area
unexplored area
unexplored area
unexplored area
unexplored area
unexplored area
unexplored area
unexplored area
unexplored area
unexplored area
unexplored area
unexplored area
unexplored area
unexplored area
unexplored area
unexplored area
unexplored area
unexplored area
unexplored area
unexplored area
unexplored area
unexplored area
unexplored area
unexplored area
unexplored area
wall
.dark part of a room
.dark part of a room
.dark part of a room
wall
unexplored area
unexplored area
unexplored area
.dark part of a room
.dark part of a room
.dark part of a room
.dark part of a room
wall
wall
wall
.dark part of a room
.dark part of a room
.dark part of a room
.dark part of a room
.dark part of a room
.dark part of a room
.dark part of a room
wall
unexplored area
wall
.dark part of a room
.dark part of a room
.dark part of a room
.dark part of a room
.dark part of a room
.dark part of a room
.dark part of a room
.dark part of a room
.dark part of a room
.dark part of a room
.dark part of a room
.dark part of a room
.dark part of a room
.dark part of a room
.dark part of a room
.dark part of a room
wall
wall
unexplored area
unexplored area
unexplored area
unexplored area
unexplored area
unexplored area
unexplored area
unexplored area
unexplored area
unexplored area
unexplored area
unexplored area
unexplored area
unexplored area
unexplored area
unexplored area
unexplored area
unexplored area
unexplored area
unexplored area
unexplored area
unexplored area
unexplored area
unexplored area
unexplored area
unexplored area
unexplored area
unexplored area
unexplored area
unexplored area
unexplored area
unexplored area
unexplored area
unexplored area
unexplored area
unexplored area
wall
wall
.dark part of a room
.dark part of a room
wall
unexplored area
unexplored area
unexplored area
.dark part of a room
.dark part of a room
.dark part of a room
wall
wall
unexplored area
wall
.dark part of a room
.dark part of a room
wall
wall
wall
.dark part of a room
wall
unexplored area
unexplored area
wall
wall
.dark part of a room
.dark part of a room
.dark part of a room
wall
wall
wall
.dark part of a room
.dark part of a room
.dark part of a room
wall
wall
wall
.dark part of a room
.dark part of a room
.dark part of a room
.dark part of a room
wall
unexplored area
unexplored area
unexplored area
unexplored area
unexplored area
unexplored area
unexplored area
unexplored area
unexplored area
unexplored area
unexplored area
unexplored area
unexplored area
unexplored area
unexplored area
unexplored area
unexplored area
unexplored area
unexplored area
unexplored area
unexplored area
unexplored area
unexplored area
unexplored area
unexplored area
unexplored area
unexplored area
unexplored area
unexplored area
unexplored area
unexplored area
unexplored area
unexplored area
unexplored area
unexplored area
unexplored area
unexplored area
wall
wall
wall
unexplored area
unexplored area
unexplored area
unexplored area
wall
.dark part of a room
.dark part of a room
wall
unexplored area
unexplored area
wall
wall
wall
unexplored area
unexplored area
wall
wall
wall
unexplored area
unexplored area
unexplored area
wall
wall
.dark part of a room
wall
wall
unexplored area
unexplored area
wall
.dark part of a room
.dark part of a room
wall
unexplored area
wall
wall
wall
wall
wall
wall
unexplored area
unexplored area
unexplored area
unexplored area
unexplored area
unexplored area
unexplored area
unexplored area
unexplored area
unexplored area
unexplored area
unexplored area
unexplored area
unexplored area
unexplored area
unexplored area
unexplored area
unexplored area
unexplored area
unexplored area
unexplored area
unexplored area
unexplored area
unexplored area
unexplored area
unexplored area
unexplored area
unexplored area
unexplored area
unexplored area
unexplored area
unexplored area
unexplored area
unexplored area
unexplored area
unexplored area
unexplored area
unexplored area
unexplored area
unexplored area
unexplored area
unexplored area
unexplored area
unexplored area
wall
wall
wall
unexplored area
unexplored area
unexplored area
unexplored area
unexplored area
unexplored area
unexplored area
unexplored area
unexplored area
unexplored area
unexplored area
unexplored area
unexplored area
unexplored area
unexplored area
wall
wall
wall
unexplored area
unexplored area
unexplored area
wall
wall
wall
unexplored area
unexplored area
unexplored area
unexplored area
unexplored area
unexplored area
unexplored area
unexplored area
unexplored area
unexplored area
unexplored area
unexplored area
unexplored area
unexplored area
unexplored area
unexplored area
unexplored area
unexplored area
unexplored area
unexplored area
unexplored area
[Stenno the Skirmisher ] St:16 Dx:13 Co:18 In:10 Wi:9 Ch:9 Lawful Dlvl:4 $:48 HP:0(44) Pw:11(11) AC:10 Xp:4 T:1121

Latest messages:

The wererat bites!
You turn into a wererat!
You can no longer hold your shield!
You can't even move a handspan with this load!
You find you must drop your spear!
Use the command #monster to summon help.
Are you sure you want to pray? [yn] (n) y
You begin praying to Tyr.
You are surrounded by a shimmering light.
The wererat starts to attack you, but pulls back.
The wererat starts to attack you, but pulls back.
The wererat starts to attack you, but pulls back.
You finish your prayer.
You feel that Tyr is well-pleased.
You feel purified.
You return to human form!
Your movements are now unencumbered.
a - an uncursed +1 spear.
c - a blessed +3 small shield.
The wererat bites!
What do you want to wield? [- abtw or ?*] a
a - an uncursed +1 spear (weapon in hand).
The wererat bites!
You hit the wererat!
The wererat summons help!
A sewer rat suddenly appears next to you!
A sewer rat suddenly appears next to you!
A sewer rat suddenly appears next to you!
The wererat bites!
You miss the wererat.
The sewer rat bites!
The sewer rat bites!
The sewer rat bites!
The wererat bites!
You miss the wererat.
The sewer rat bites!
The sewer rat bites!
The sewer rat bites!
The wererat bites!
You kill the sewer rat!
The sewer rat bites!
The sewer rat just misses!
The wererat bites!
You kill the wererat!
The sewer rat bites!
The sewer rat bites!
You kill the sewer rat!
The sewer rat bites!
You die...
Do you want your possessions identified? [ynq] (y) q

Inventory:

Coins

$ - 48 gold pieces

Amulets

y - an uncursed amulet of reflection

Weapons

w - 4 uncursed +0 crossbow bolts
t - 9 uncursed +0 darts (at the ready)
b - an uncursed +0 dagger (alternate weapon; not wielded)
a - an uncursed +1 spear (weapon in hand)

Armor

l - a cursed -2 pair of water walking boots named c
c - a blessed +3 small shield
s - a cursed +0 studded leather armor

Comestibles

d - an uncursed food ration
n - 2 uncursed food rations
g - an uncursed lichen corpse

Scrolls

v - an uncursed scroll of genocide
o - an uncursed scroll of identify

Potions

p - an uncursed potion of confusion
j - 2 uncursed potions of extra healing
h - an uncursed potion of fruit juice
x - an uncursed potion of gain energy
e - a cursed potion of levitation
i - an uncursed potion of monster detection
m - a cursed potion of object detection

Tools

f - a blessed figurine of a wraith
q - an uncursed magic whistle
k - an uncursed skeleton key

Gems/Stones

u - 3 uncursed worthless pieces of violet glass

Stenno the Valkyrie's attributes:


Background:

You were a Skirmisher, a level 4 human Valkyrie.
You were lawful, on a mission for Tyr
who was opposed by Odin (neutral) and Loki (chaotic).
You were in the Gnomish Mines, on level 4.
You entered the dungeon 1121 turns ago.
You had 141 experience points, 19 more were needed to attain level 5.

Basics:

You had 0 out of 44 hit points.
You had all 11 energy points (spell power).
Your armor class was 10.
Your wallet contained 48 zorkmids.
Autopickup was on for '$/=?!' plus thrown.

FinalCharacteristics:

Your strength was 16 (limit:18/100).
Your dexterity was 13 (limit:18).
Your constitution was 18 (limit:18).
Your intelligence was 10 (limit:18).
Your wisdom was 9 (limit:18).
Your charisma was 9 (limit:18).

Final Status:

You were not hungry.
You were unencumbered.
You were wielding a spear.
You had basic skill with spear.
You were not wearing any armor.

Final Attributes:

You were devoutly aligned.
You were cold resistant.
You were telepathic.
You were stealthy.
You are dead.

Miscellaneous:
You disabled loading of bones levels.
Total elapsed playing time was 8 minutes and 11 seconds.

Major events:

Turn

1: stenno the lawful human Valkyrie entered the dungeon
514: entered the Gnomish Mines
783: attained the rank of Skirmisher (level 3)
1121: killed by a sewer rat

Vanquished creatures:

a bugbear
a gnome leader
a gnomish wizard
2 little dogs
a floating eye
a wererat
an acid blob
9 gnomes
2 geckos
4 jackals
2 foxes
2 sewer rats
2 grid bugs
a lichen
a newt
31 creatures vanquished.
No species were genocided or became extinct.

Voluntary challenges:

You were illiterate.
You never engraved Elbereth.
You never genocided any monsters.
You never polymorphed an object.
You used no wishes.

Achievements:

You entered the Gnomish Mines.
You attained the rank of Skirmisher.

The Dungeons of Doom: levels 1 to 4

   Level 1:
Level 2:
A grave.
Level 3:
Stairs down to The Gnomish Mines.
Level 4:

The Gnomish Mines: levels 4 to 5

   Level 4: <- You were here.
Final resting place for
you, killed by a sewer rat.
Level 5:

Game over:

----------
/ \
/ REST \
/ IN \
/ PEACE \
/ \
| stenno |
| 48 Au |
| killed by a |
| sewer rat |
| |
| |
| 2022 |
*| * * * | *
_________)/\\_//(\/(/\)/\//\/|_)_______

Farvel stenno the Valkyrie...


You died in The Gnomish Mines on dungeon level 4 with 808 points,
and 48 pieces of gold, after 1121 moves.
You were level 4 with a maximum of 44 hit points when you died.